 Dungeon Crawl Stone Soup version 0.26-a0-958-gf3041fb45f (webtiles) character file.

Game seed: 10460739895043629051

13 Forecaster the Magician (level 2, 0/22 HPs)
             Began as a Naga Hedge Wizard on Nov 30, 2020.
             Slain by a hobgoblin
             ... wielding a +0 club
              (2 damage)
             ... on level 1 of the Dungeon.
             The game lasted 00:01:37 (389 turns).

Forecaster the Magician (Naga Hedge Wizard)          Turns: 389, Time: 00:01:38

Health: 0/22       AC:  1    Str: 12    XL:     2   Next: 37%
Magic:  1/6        EV: 10    Int: 14    God:
Gold:   10         SH:  0    Dex: 10    Spells: 6/7 levels left

rFire    . . .     SeeInvis +   a - +0 dagger
rCold    . . .     Faith    .   (no shield)
rNeg     . . .     Spirit   .   b - +0 robe
rPois    +         Reflect  .   c - +0 hat
rElec    .         Harm     .   (no cloak)
rCorr    .         Rampage  .   (no gloves)
MR       .....                  (no barding)
Stlth    ++........             (no amulet)
HPRegen  0.07/turn              (no ring)
MPRegen  0.10/turn              (no ring)

@: very slow
A: large, see invisible, deformed body, poison resistance, slowness 2, spit
poison 1, AC +0
a: Spit Poison


You were on level 1 of the Dungeon.
You visited 1 branch of the dungeon, and saw 1 of its levels.

You collected 10 gold pieces.

Inventory:

Hand Weapons
 a - a +0 dagger (weapon)
Armour
 b - a +0 robe (worn)
 c - a +0 hat (worn)
Scrolls
 d - a scroll of magic mapping {unknown}


   Skills:
 + Level 1.8 Dodging
 + Level 3.2 Stealth
 + Level 3.3 Spellcasting
 + Level 1.2 Conjurations
 + Level 1.0 Summonings
 + Level 1.0 Translocations


You had 6 spell levels left.
You knew the following spells:

 Your Spells              Type           Power        Failure   Level
a - Magic Dart            Conj           #...         13%         1

Your spell library contained the following spells:

 Spells                   Type           Power        Failure   Level
 Blink                    Tloc           N/A          21%         2
 Call Imp                 Summ           #.......     21%         2
 Slow                     Hex            #.......     32%         2
 Conjure Flame            Conj/Fire      #.......     43%         3
 Mephitic Cloud           Conj/Pois/Air  #.......     47%         3


Dungeon Overview and Level Annotations

Branches:
Dungeon (1/15)

Altars:


Innate Abilities, Weirdness & Mutations

You cannot wear boots.
Your serpentine skin is tough. (AC +0)
You have supernaturally acute eyesight. (SInv)
Armour fits poorly on your strangely shaped body.
Your system is resistant to poisons. (rPois)
You cover ground very slowly.
You can spit poison.


Message History

The magic dart hits the hobgoblin.
The hobgoblin is heavily wounded.
Aiming: Magic Dart (safe; 13% risk of failure)
Press: ? - help, Q - select action, (/) - cycle Shift-Dir - straight line, f/p - hobgoblin
Aim: a hobgoblin, wielding a +0 club and wearing a +0 ring mail (heavily wounded, 0% to evade)
The magic dart hits the hobgoblin but does no damage.
The hobgoblin is heavily wounded.
The hobgoblin hits you but does no damage.
You hit the hobgoblin but do no damage.
The hobgoblin is heavily wounded.
The hobgoblin hits you with a +0 club.
* * * LOW HITPOINT WARNING * * *
You hit the hobgoblin.
The hobgoblin is severely wounded.
The hobgoblin misses you.
Your magical contamination has completely faded away.
You hit the hobgoblin but do no damage.
The hobgoblin is severely wounded.
The hobgoblin hits you with a +0 club.
You die...

.###### ......
....# ....# ..
....#
#...#######....#..
.....†.((.(.K.....
#######g#...####..
##...)@##..#
##.#######..# #..#
..... ##.###†####
#...†.
##.......#.#
#..####
###...####...##
.... ....## ###..#
### #..######..#
#....##..##


You could see a hobgoblin.

Vanquished Creatures
  A dart slug (D:1)
  2 goblins (D:1)
  3 hobgoblins (D:1)
  3 kobolds (D:1)
9 creatures vanquished.

Notes
Turn   | Place    | Note
-------+----------+-------------------------------------------
     0 | D:1      | Forecaster the Naga Hedge Wizard began the quest for the
                  | Orb.
     0 | D:1      | Reached XP level 1. HP: 15/15 MP: 4/4
   168 | D:1      | Reached XP level 2. HP: 22/22 MP: 1/6
   387 | D:1      | HP: 1/22 [hobgoblin/+0 club (5)]
   389 | D:1      | Slain by a hobgoblin

Illustrated notes

Levels and vault maps discovered:
D:1:      dpeg_arrival_round_a, layout_rooms, amethyst_killhole

Action                   || total
-------------------------++-------
Melee: Dagger            ||    22
 Cast: Magic Dart        ||    22
Armor: Robe              ||     1
Dodge: Dodged            ||    18

Table legend: (Time is in decaauts)
 A = Elapsed time spent in this place.
 B = Non-inter-level travel time spent in this place.
 C = Inter-level travel time spent in this place.
 D = Time resting spent in this place.
 E = Time spent auto-exploring this place.
 F = Levels seen in this place.
 G = Mean time per level.
                   A        B        C        D        E       F      G
               +--------+--------+--------+--------+--------+-----+--------+
         Total |    401 |    401 |      0 |    188 |    143 |   1 |  401.0 |
       Dungeon |    401 |    401 |      0 |    188 |    143 |   1 |  401.0 |
               +--------+--------+--------+--------+--------+-----+--------+

Top non-repeatable levels by time:
     D:1: 401 daAuts
